 Dungeon Crawl Stone Soup version 0.21.1-1-g345015f (webtiles) character file.

2085 Supreme the Thaumaturge (level 9, -1/46 HPs)
             Began as a Deep Elf Conjurer on Apr 23, 2018.
             Was a Priest of Kikubaaqudgha.
             Slain by a wolf (7 damage)
             ... led by Grum
             ... on level 8 of the Dungeon.
             The game lasted 01:04:43 (5017 turns).

Supreme the Thaumaturge (Deep Elf Conjurer)         Turns: 5017, Time: 01:04:44

Health: -1/46      AC:  5    Str:  5    XL:     9   Next: 6%
Magic:  18/34      EV: 14    Int: 24    God:    Kikubaaqudgha [***...]
Gold:   383        SH:  0    Dex: 15    Spells: 8/29 levels left

rFire    . . .     SeeInvis .   g - +1 short sword (elec)
rCold    . . .     Gourm    .   (no shield)
rNeg     + . .     Faith    .   T - +1 robe {rN+}
rPois    +         Spirit   .   (no helmet)
rElec    .         Reflect  .   U - +0 cloak
rCorr    .         Harm     .   (no gloves)
MR       .....                  y - +0 pair of boots
Stlth    +++.......             (no amulet)
HPRegen  0.15/turn              j - ring of poison resistance
MPRegen  0.24/turn              l - ring of magical power

@: about to teleport, very slightly contaminated, invisible
A: no striking features
a: Receive Corpses, Renounce Religion


You were on level 8 of the Dungeon.
You worshipped Kikubaaqudgha.
Kikubaaqudgha was most pleased with you.
You were near starving.

You visited 2 branches of the dungeon, and saw 9 of its levels.
You also visited: Ossuary.

You collected 383 gold pieces.

Inventory:

Hand Weapons
 a - a +2 whip of venom
 g - a +1 short sword of electrocution (weapon)
 q - a +0 dagger
 x - a +2 dagger of venom
 C - a +2 vampiric halberd
 M - a +0 shortbow
 Y - a +0 short sword of speed
Missiles
 h - 158 stones (quivered)
 u - 51 arrows
Armour
 y - a +0 pair of boots (worn)
 T - a +1 robe of positive energy (worn)
 U - a +0 cloak (worn)
Jewellery
 j - a ring of poison resistance (left hand)
 l - a ring of magical power (right hand)
 D - an uncursed ring of protection from fire
 N - an uncursed ring of wizardry
 O - a +3 ring of evasion
Wands
 m - a wand of acid (9)
 Q - a wand of clouds (7)
 S - a wand of paralysis (12)
Scrolls
 d - a scroll of magic mapping {unknown}
 f - 4 scrolls of teleportation
 i - 7 scrolls of remove curse
 n - 2 scrolls of immolation {unknown}
 r - 2 scrolls of enchant armour {unknown}
 s - a scroll of blinking {unknown}
 t - a scroll of amnesia {unknown}
 v - 2 scrolls of enchant weapon {unknown}
 z - a scroll of noise {unknown}
 E - 3 scrolls of random uselessness {unknown}
 P - a scroll of fear {unknown}
 V - 2 scrolls of identify
 X - a scroll of summoning {unknown}
Potions
 e - a potion of brilliance
 k - a potion of heal wounds
 o - a potion of ambrosia {unknown}
 p - 14 potions of curing
 w - 10 potions of degeneration
 F - 2 potions of magic {unknown}
 G - 2 potions of lignification {unknown}
 H - a potion of berserk rage {unknown}
 I - 2 potions of flight {unknown}
 J - a potion of haste
 K - a potion of mutation {unknown}
 L - a potion of might {unknown}
 R - a potion of agility {unknown}
Books
 b - a book of Conjurations

   Spells                             Type                      Level
   a - Magic Dart                     Conjuration                  1
   b - Searing Ray                    Conjuration                  2
   c - Dazzling Spray                 Conjuration/Hexes            3
   d - Fulminant Prism                Conjuration/Hexes            4
   e - Force Lance                    Conjuration/Translocation    4
   f - Iskenderun's Mystic Blast      Conjuration                  4
 B - Kikubaaqudgha's Collected Works on Evil
   (Kikubaaqudgha gifted it to you on level 4 of the Dungeon)

   Spells                             Type                      Level
   a - Pain                           Necromancy                   1
   b - Corpse Rot                     Necromancy                   2
   c - Sublimation of Blood           Necromancy                   2
   d - Regeneration                   Charms/Necromancy            3
 W - Kikubaaqudgha's Collected Works on Unholy Secrets
   (Kikubaaqudgha gifted it to you on level 6 of the Dungeon)

   Spells                             Type                      Level
   a - Animate Dead                   Necromancy                   4
   b - Excruciating Wounds            Charms/Necromancy            5
   c - Bolt of Draining               Conjuration/Necromancy       5
   d - Borgnjor's Vile Clutch         Necromancy/Earth             5
   e - Dispel Undead                  Necromancy                   5
Comestibles
 c - 15 rations
 Z - 3 chunks of flesh


   Skills:
 + Level 0.4 Fighting
 + Level 0.4 Short Blades
 + Level 3.9 Dodging
 + Level 4.3 Stealth
 + Level 10.8 Spellcasting
 + Level 9.2 Conjurations
 + Level 0.8 Hexes
 * Level 2.6 Necromancy


You had 8 spell levels left.
You knew the following spells:

 Your Spells              Type           Power        Failure   Level  Hunger
a - Magic Dart            Conj           ####         1%          1    None
b - Searing Ray           Conj           ######       1%          2    None
c - Dazzling Spray        Conj/Hex       #####.       1%          3    None
d - Iskenderun's Mystic   Conj           ######..     1%          4    None
e - Sublimation of Blood  Necr           ####......   2%          2    None
f - Animate Dead          Necr           N/A          16%         4    None
g - Borgnjor's Vile Clut  Necr/Erth      ###.......   61%         5    ####...


Dungeon Overview and Level Annotations

Branches:
Dungeon (8/15)             Temple (1/1) D:7
   Lair: D:8-11

Altars:
Ashenzari
Cheibriados
Elyvilon
Fedhas
Gozag
Hepliaklqana
Kikubaaqudgha
Makhleb
Okawaru
Qazlal
Ru
Sif Muna
Trog
Uskayaw
Vehumet
Wu Jian
Yredelemnul
Zin
The Shining One
Lugonu

Shops:
D:4 *

Annotations:
D:5 inc's ghost, novice OpCj
D:8 Grum


Message History

You kill the wolf!
Kikubaaqudgha accepts your kill.
The orb of energy explodes!
You see here a wolf corpse.
You butcher the wolf corpse.
Z - 3 chunks of flesh Grum hits you from afar with a spear.
* * * LOW HITPOINT WARNING * * *
Grum the Hunter comes into view.
He is wielding a spear.
A wolf comes into view.
You fade into invisibility!
The wolf misses you.
Grum drinks a potion.
Grum suddenly seems more resistant.
The wolf barely misses you.
You are very lightly contaminated with residual magic.
A wolf comes into view.
A wolf comes into view.
As you read the scroll of teleportation, it crumbles to dust.
You feel strangely unstable. The wolf bites you!
You die...
Kikubaaqudgha rasps: "You have failed me!
Welcome... death!"

#
##.############
.......<.....h.
#.....h.#######
#.......g.....#
..:.....hh....#
......?...@.$.+
.......#......#
##+##+#########


You could see Grum and 3 wolves.

Vanquished Creatures
  A hippogriff (D:7)
  Sigmund (D:4)
  A sky beast (D:6)
  A wolf (D:8)
  A centaur (D:5)
  Blork the orc (D:5)
  3 bullfrogs
  4 scorpions
  A bullfrog zombie (D:5)
  3 crimson imps (D:5)
  A centaur zombie (Ossuary)
  A human zombie (Ossuary)
  An iron imp (D:5)
  2 bullfrog skeletons (D:4)
  An orc priest (D:5)
  A centaur skeleton (D:5)
  2 hounds
  2 jellies
  An iguana (D:8)
  4 worker ants
  2 big kobold zombies (Ossuary)
  A hound skeleton (D:4)
  5 mummies (Ossuary)
  14 adders
  10 gnolls
  A howler monkey skeleton (D:4)
  An ooze (D:3)
  An adder zombie (D:6)
  An adder skeleton (D:6)
  2 worms
  2 dart slugs
  4 leopard geckos
  9 orcs
  3 giant cockroaches
  6 goblins
  9 hobgoblins
  5 kobolds
  3 quokkas (D:4)
  7 bats
  7 frilled lizards
  2 giant cockroach zombies
  A gnoll zombie (Ossuary)
  A jackal skeleton (D:5)
  A kobold zombie (Ossuary)
  2 orc zombies (Ossuary)
  3 quokka skeletons
  10 rats
146 creatures vanquished.

Notes
Turn   | Place    | Note
-------+----------+-------------------------------------------
     0 | D:1      | Supreme the Deep Elf Conjurer began the quest for the Orb.
     0 | D:1      | Reached XP level 1. HP: 10/10 MP: 6/6
   202 | D:1      | Reached XP level 2. HP: 15/15 MP: 3/8
   207 | D:1      | Learned a level 2 spell: Searing Ray
   333 | D:1      | Reached skill level 5 in Conjurations
   625 | D:2      | Reached XP level 3. HP: 19/19 MP: 9/9
   729 | D:2      | Learned a level 3 spell: Dazzling Spray
   889 | D:2      | Found an opulent altar of Gozag.
   926 | D:2      | Found a bloodstained altar of Trog.
   946 | D:2      | Reached XP level 4. HP: 24/24 MP: 8/11
  1001 | D:2      | Found an ancient bone altar of Kikubaaqudgha.
  1011 | D:2      | Became a worshipper of Kikubaaqudgha
  1085 | D:2      | Found a blossoming altar of Fedhas.
  1135 | D:2      | Found a burning altar of Makhleb.
  1136 | D:2      | Noticed an Executioner
  1140 | D:2      | Found a glowing silver altar of Zin.
  1140 | D:2      | Noticed an angel
  2017 | D:3      | Found a glowing golden altar of the Shining One.
  2017 | D:3      | Found a sacrificial altar of Ru.
  2201 | D:4      | Reached skill level 4 in Spellcasting
  2236 | D:4      | Reached * piety under Kikubaaqudgha
  2236 | D:4      | Identified Kikubaaqudgha's Collected Works on Evil (Kikubaaqudgha gifted it to you on level 4 of the Dungeon)
  2236 | D:4      | Received a gift from Kikubaaqudgha
  2236 | D:4      | Reached XP level 5. HP: 28/28 MP: 13/13
  2243 | D:4      | Learned a level 4 spell: Iskenderun's Mystic Blast
  2355 | D:4      | Reached skill level 5 in Spellcasting
  2358 | D:4      | Reached XP level 6. HP: 32/32 MP: 0/15
  2494 | D:4      | Noticed Sigmund
  2510 | D:4      | Found Gozag's Platinum Reserve.
  2510 | D:4      | Found an opulent altar of Gozag.
  2571 | D:4      | Reached skill level 6 in Spellcasting
  2703 | D:4      | Learned a level 2 spell: Sublimation of Blood
  2728 | D:4      | Killed Sigmund
  2728 | D:4      | Reached XP level 7. HP: 29/36 MP: 13/18
  2765 | D:5      | Entered Level 5 of the Dungeon
  2828 | D:5      | Reached skill level 1 in Necromancy
  2835 | D:5      | Noticed inc's ghost (novice OpCj)
  2847 | D:5      | Found a sand-covered staircase.
  2853 | Ossuary  | Entered an ossuary
  2987 | Ossuary  | Reached skill level 7 in Spellcasting
  3404 | Ossuary  | Reached ** piety under Kikubaaqudgha
  3430 | D:5      | Reached skill level 8 in Spellcasting
  3646 | D:5      | Found a snail-covered altar of Cheibriados.
  3646 | D:5      | Noticed Blork the orc
  3673 | D:5      | Reached XP level 8. HP: 23/41 MP: 18/22
  4130 | D:6      | Reached skill level 9 in Spellcasting
  4240 | D:5      | Killed Blork the orc
  4461 | D:6      | Reached *** piety under Kikubaaqudgha
  4461 | D:6      | Identified Kikubaaqudgha's Collected Works on Unholy Secrets (Kikubaaqudgha gifted it to you on level 6 of the Dungeon)
  4461 | D:6      | Received a gift from Kikubaaqudgha
  4468 | D:6      | Learned a level 4 spell: Animate Dead
  4474 | D:6      | Learned a level 5 spell: Borgnjor's Vile Clutch
  4566 | D:7      | Found a deep blue altar of Sif Muna.
  4785 | D:7      | Reached skill level 10 in Spellcasting
  4817 | D:7      | Noticed a hippogriff
  4821 | D:7      | Killed a hippogriff
  4838 | D:7      | Found a staircase to the Ecumenical Temple.
  4858 | Temple   | Entered the Ecumenical Temple
  4962 | D:7      | Reached XP level 9. HP: 37/46 MP: 25/25
  5014 | D:8      | Noticed Grum
  5017 | D:8      | Slain by a wolf

Skill      XL: |  1  2  3  4  5  6  7  8 |
---------------+-------------------------+-----
Conjurations   | 5 6 7 8 9 |  9.2
Stealth        | 3 4 |  4.3
Dodging        | 3 |  3.9
Spellcasting   | 4 5 6 8 10 | 10.8
Necromancy     | 1 2 |  2.6
Fighting       | |  0.4
Short Blades   | |  0.4
Hexes          | |  0.8

Action                   |  1- 3 |  4- 6 |  7- 9 || total
-------------------------+-------+-------+-------++-------
Melee: Short sword       |       |       |    18 ||    18
 Fire: Shortbow          |       |       |     4 ||     4
 Cast: Magic Dart        |    65 |   101 |   245 ||   411
       Searing Ray       |       |     3 |     2 ||     5
       Dazzling Spray    |       |     4 |     4 ||     8
       Iskenderun's Myst |       |     4 |    32 ||    36
       Sublimation of Bl |       |       |     3 ||     3
Evoke: Wand              |       |     1 |       ||     1
  Use: Scroll            |       |       |     8 ||     8
       Potion            |       |       |     1 ||     1
  Eat: Chunk             |       |     6 |     7 ||    13
Armor: Robe              |     3 |     3 |    12 ||    18
Dodge: Dodged            |     4 |    10 |    68 ||    82
